 Dungeon Crawl Stone Soup version 0.27.0-1-g7a089689b8 (webtiles) character file.

Game seed: 14131911785603192682

1731 kobby the Slasher (level 9, -17/68 HPs)
             Began as a Human Fighter on Aug 13, 2021.
             Demolished by a shadow (32 damage)
             ... on level 6 of the Dungeon.
             The game lasted 00:12:15 (5764 turns).

kobby the Slasher (Human Fighter)                   Turns: 5764, Time: 00:12:15

Health: -17/68     AC:  9    Str: 17    XL:     9   Next: 25%
Magic:  9/9        EV: 24    Int:  8    God:
Gold:   218        SH: 10    Dex: 16    Spells: 8/8 levels left

rFire    . . .     SeeInvis .   a - +0 long sword (elec)
rCold    + + .     Faith    .   c - +0 kite shield
rNeg     . . .     Spirit   .   b - +0 scale mail
rPois    .         Reflect  .   (no helmet)
rElec    .         Harm     .   (no cloak)
rCorr    .         Rampage  .   (no gloves)
Will     +....                  l - +1 pair of boots
Stlth    ..........             d - amulet of the acrobat
HPRegen  0.21/turn              h - ring "Ximeteb" {rC++ Will+}
MPRegen  0.11/turn              (no ring)

@: about to teleport, acrobatic
A: no striking features
a: no special abilities


You were on level 6 of the Dungeon.
You visited 1 branch of the dungeon, and saw 6 of its levels.

You collected 218 gold pieces.

Inventory:

Hand Weapons
 a - a +0 long sword of electrocution (weapon)
Armour
 b - a +0 scale mail (worn)
 c - a +0 kite shield (worn)
 l - a +1 pair of boots (worn)
Jewellery
 d - an amulet of the acrobat (around neck)
 g - a ring of flight
 h - the ring "Ximeteb" (left hand) {rC++ Will+}
   (You acquired it on level 1 of the Dungeon)

   [ring of willpower]

   rC:        It greatly protects you from cold.
   Will:      It increases your willpower.
 o - a ring of fire
Wands
 m - a wand of iceblast (2)
Scrolls
 f - 9 scrolls of identify
 i - 2 scrolls of fear
 q - 2 scrolls of amnesia
Potions
 e - a potion of degeneration


   Skills:
 + Level 5.1 Fighting
 + Level 7.0 Long Blades
 + Level 5.8 Armour
 + Level 3.0 Dodging
 + Level 0.4 Stealth
 + Level 5.8 Shields
 + Level 1.1 Evocations


You had 8 spell levels left.
You didn't know any spells.
Your spell library contained the following spells:

 Spells                   Type           Power      Damage    Failure   Level
 Corpse Rot               Necr/Air       N/A        N/A       100%        2
 Poisonous Vapours        Pois/Air       0%         N/A       100%        2
 Freezing Cloud           Conj/Ice/Air   0%         6-21      100%        5


Dungeon Overview and Level Annotations

Branches:
Dungeon (6/15)
 Temple: D:4-7

Altars:
Cheibriados
Elyvilon
Qazlal
Sif Muna
Xom

Shops:
D:6 *


Message History

No target in view!
No target in view!
A shadow comes into view.
A shadow is nearby!
The shadow slips into darkness.
The shadow flickers and vanishes!
Deactivating autopickup; reactivate with Ctrl-A.
No target in view!
There is a strange disturbance nearby!
There is a strange disturbance nearby!
No target in view!
The shadow strikes at you from the darkness!
Reactivating autopickup.
The shadow slips into darkness.
The shadow flickers and vanishes!
Deactivating autopickup; reactivate with Ctrl-A.
The shadow strikes at you from the darkness!
Reactivating autopickup.
You closely miss the shadow. You block the shadow's attack.
The shadow slips into darkness.
The shadow flickers and vanishes!
Deactivating autopickup; reactivate with Ctrl-A.
You closely miss something.
The shadow strikes at you from the darkness!
* * * LOW HITPOINT WARNING * * *
Reactivating autopickup.
You hit the shadow.
The shadow is lightly damaged.
You block the shadow's attack.
You closely miss the shadow.
The shadow is lightly damaged.
You block the shadow's attack.
Okay, then.
As you read the scroll of teleportation, it crumbles to dust.
You feel strangely unstable.
The shadow slips into darkness.
The shadow flickers and vanishes!
Deactivating autopickup; reactivate with Ctrl-A.
The shadow strikes at you from the darkness!
You die...

#.............
#............
##............
#.............
#.............
###............
#..#####.....
#..## .....
#.@.### ...# .
#.....##...# .#
###....≈P.##....
#..<≈≈≈≈≈.....
#....≈≈≈.........
###..≈≈##........
#...###..##....
##........#....
##..##.###....


There were no monsters in sight!

Vanquished Creatures
  2 water moccasins
  An orc warrior (D:5)
  An ice beast (D:6)
  2 necrophages (D:5)
  3 ogres
  A phantom (D:5)
  A kobold brigand (D:5)
  A scorpion (D:5)
  A bullfrog zombie (D:6)
  An orc priest (D:3)
  A centaur skeleton (D:6)
  5 hounds
  A jelly (D:5)
  A bullfrog skeleton (D:6)
  Natasha (D:4)
  2 iguanas
  2 orc wizards (D:4)
  A howler monkey skeleton (D:4)
  6 adders
  10 gnolls
  A shadow imp (D:5)
  A white imp (D:5)
  An ufetubus (D:2)
  An adder skeleton (D:5)
  3 dart slugs
  14 orcs
  6 ball pythons
  5 bats
  4 endoplasms
  7 giant cockroaches
  9 hobgoblins
  5 jackals
  6 kobolds
  4 quokkas
  3 frilled lizards
  9 goblins
  A jackal skeleton (D:4)
  4 rats
128 creatures vanquished.

Vanquished Creatures (collateral kills)
  An adder (D:4)
  A ball python (D:4)
  A quokka (D:4)
3 creatures vanquished.

Vanquished Creatures (others)
  A plant (D:5)
1 creature vanquished.

Grand Total: 132 creatures vanquished

Notes
Turn   | Place    | Note
-------+----------+-------------------------------------------
     0 | D:1      | kobby the Human Fighter began the quest for the Orb.
     0 | D:1      | Reached XP level 1. HP: 18/18 MP: 1/1
   132 | D:1      | Reached XP level 2. HP: 23/24 MP: 2/2
   574 | D:1      | Reached XP level 3. HP: 26/29 MP: 3/3
  1055 | D:1      | Identified a scroll of acquirement
  1055 | D:1      | Acquired the ring "Ximeteb" {rC++ Will+}
  1122 | D:2      | Reached XP level 4. HP: 11/35 MP: 4/4
  1444 | D:2      | Found a shimmering altar of Xom.
  1742 | D:2      | Reached XP level 5. HP: 41/41 MP: 5/5
  1940 | D:2      | Found a faded altar of an unknown god.
  2032 | D:3      | Reached skill level 3 in Long Blades
  2231 | D:3      | Found a white marble altar of Elyvilon.
  2344 | D:3      | Reached skill level 1 in Dodging
  2735 | D:3      | Reached XP level 6. HP: 44/47 MP: 6/6
  2918 | D:4      | Reached skill level 4 in Long Blades
  3283 | D:4      | Noticed Natasha
  3290 | D:4      | Killed Natasha
  3521 | D:4      | Found a shimmering blue altar of Sif Muna.
  3787 | D:5      | Entered Level 5 of the Dungeon
  3821 | D:5      | Reached XP level 7. HP: 13/53 MP: 7/7
  4080 | D:5      | Reached skill level 5 in Long Blades
  4215 | D:5      | Reached XP level 8. HP: 60/60 MP: 8/8
  4298 | D:5      | Reached skill level 5 in Armour
  4345 | D:5      | Reached skill level 1 in Evocations
  4436 | D:5      | Found a stormy altar of Qazlal.
  4436 | D:5      | Found a snail-covered altar of Cheibriados.
  4484 | D:5      | Reached skill level 5 in Shields
  4859 | D:5      | Reached skill level 6 in Long Blades
  5172 | D:6      | Found Teyd's General Store.
  5210 | D:6      | Reached XP level 9. HP: 61/67 MP: 9/9
  5609 | D:5      | Reached skill level 5 in Fighting
  5679 | D:6      | Reached skill level 7 in Long Blades
  5764 | D:6      | Demolished by a shadow

Illustrated notes

Levels and vault maps discovered:
D:1:      scummos_arrival_gate, layout_basic, ebering_dispersal_statue_hall,
          hex_intersection, minmay_close_crescents
D:2:      layout_basic, basic_altar, shapermc_ecumenical_altar_mp_highgroup,
          fountainhead
D:3:      layout_basic, elyvilon_altar_5
D:4:      layout_basic, lemuel_coloured_pillars_altar,
          chequers_serial_rivers_micro_e, uniq_natasha
D:5:      cheibrodos_two_vegetables, layout_cave_pools, jmf_multi_god_temple,
          grunt_ministairs_1, st_stairs_8
D:6:      layout_cave_pools, minmay_temple_entry_mist, serial_shops,
          shop_fountains, serial_bayou_pond_d

Skill      XL: |  1  2  3  4  5  6  7  8  9 |
---------------+----------------------------+-----
Long Blades    | 3 4 5 6 7 |  7.0
Shields        | 4 5 |  5.8
Dodging        | 1 2 3 |  3.0
Armour         | 4 5 |  5.8
Fighting       | 4 5 |  5.1
Evocations     | 1 |  1.1
Stealth        | |  0.4

Action                   |  1- 3 |  4- 6 |  7- 9 || total
-------------------------+-------+-------+-------++-------
Melee: Long sword        |    67 |   141 |   159 ||   367
Evoke: Wand              |       |     2 |     4 ||     6
  Use: Scroll            |     5 |     4 |     7 ||    16
       Potion            |       |       |     7 ||     7
Armor: Scale mail        |    43 |    60 |    69 ||   172
       Skin              |       |       |     2 ||     2
Dodge: Dodged            |    13 |    52 |    63 ||   128
Block: Kite shield       |    47 |    70 |   108 ||   225
       Rpst.: Long sword |     4 |    16 |    16 ||    36
